 Dungeon Crawl Stone Soup version 0.27.1-1-g398f81649c (webtiles) character file.

Game seed: 7255169103358917723

333 Gwenloh the Cudgeller (level 6, -1/50 HPs)
             Began as a Palentonga Fighter on Sept 8, 2021.
             Slain by an ogre (15 damage)
             ... on level 4 of the Dungeon.
             The game lasted 00:13:46 (4385 turns).

Gwenloh the Cudgeller (Palentonga Fighter)          Turns: 4385, Time: 00:13:46

Health: -1/50      AC:  6    Str: 19    XL:     6   Next: 27%
Magic:  6/6        EV:  5    Int:  8    God:
Gold:   54         SH:  8    Dex: 12    Spells: 5/5 levels left

rFire    + . .     SeeInvis +   a - +0 eveningstar
rCold    . . .     Faith    .   c - +0 kite shield
rNeg     . . .     Spirit   .   p - +0 scale mail
rPois    .         Reflect  .   (no helmet)
rElec    .         Harm     .   (no cloak)
rCorr    .         Rampage  .   (no gloves)
Will     +....                  (no barding)
Stlth    ..........             (no amulet)
HPRegen  0.16/turn              f - ring of willpower
MPRegen  0.10/turn              w - ring of protection from fire

@: no status effects
A: large, rugged brown scales 3, see invisible, deformed body, roll 1, armoured
tail
a: Rolling Charge


You were on level 4 of the Dungeon.
You visited 1 branch of the dungeon, and saw 4 of its levels.

You collected 54 gold pieces.

Inventory:

Hand Weapons
 a - a +0 eveningstar (weapon)
 b - a +0 hunting sling
 j - a +0 flail
Missiles
 k - 25 sling bullets
 n - 88 stones
 o - 30 bolts
 u - 3 boomerangs (quivered)
Armour
 c - a +0 kite shield (worn)
 p - a +0 scale mail (worn)
 t - a +0 buckler
Jewellery
 f - a ring of willpower (left hand)
 w - a ring of protection from fire (right hand)
Scrolls
 i - 2 scrolls of blinking {unknown}
 m - a scroll of identify {unknown}
 v - 3 scrolls of torment {unknown}
 x - a scroll of enchant armour {unknown}
Potions
 d - a potion of might
 e - a potion of lignification {unknown}
 g - 2 potions of brilliance {unknown}
 h - a potion of curing {unknown}
 l - a potion of cancellation {unknown}
 q - a potion of degeneration {unknown}
 r - a potion of attraction {unknown}
 s - a potion of flight {unknown}


   Skills:
 - Level 3.0 Fighting
 + Level 6.7 Maces & Flails
 - Level 2.4 Armour
 - Level 2.4 Shields


You had 5 spell levels left.
You didn't know any spells.
Your spell library was empty.

Dungeon Overview and Level Annotations

Branches:
Dungeon (4/15)
 Temple: D:4-7

Altars:


Innate Abilities, Weirdness & Mutations

You are completely covered in rugged brown scales. (AC +3, +7% HP)
You have supernaturally acute eyesight. (SInv)
Armour fits poorly on your strangely shaped body.
You can roll at nearby foes to attack.
You have a long armoured tail.


Message History

The ogre moves out of view.
Things that are here:
a +0 dagger; a goblin corpse A goblin comes into view.
It is wielding a +0 dagger.
The goblin shouts!
There is an open door here.
You see here a stone.
You see here a howler monkey skeleton.
You shoot a sling bullet.
The sling bullet closely misses the ogre.
You shoot a sling bullet.
The sling bullet hits the ogre but does no damage.
You shoot a sling bullet. The sling bullet hits the ogre.
The ogre is lightly wounded.
The ogre hits you with a +0 giant club!
a - a +0 eveningstar (weapon)
b - a +0 hunting sling (weapon)
You block the ogre's attack.
There is a stone staircase leading up here.
Really attack while wielding your +0 hunting sling? [Y]es or [N]o only, please.
Really attack while wielding your +0 hunting sling? [Y]es or [N]o only, please.
Really attack while wielding your +0 hunting sling?
Okay, then.
a - a +0 eveningstar (weapon)
You block the ogre's attack.
You barely miss the ogre.
The ogre is lightly wounded.
You block the goblin's attack.
The ogre hits you with a +0 giant club!!
* * * LOW HITPOINT WARNING * * *
The goblin hits you but does no damage.
You barely miss the ogre.
The ogre is lightly wounded.
You block the goblin's attack. The ogre barely misses you.
You puncture the ogre!
The ogre is heavily wounded.
The goblin hits you but does no damage. The ogre hits you with a +0 giant club!
You die...

....>....# ##.......
.(.##'#######(######
...#........).(....#
...#...........(...#
...#...............#
...#'####.##..###รท.#
....
###'##..###..####
....
#...'.....Og....# ...
#...#.....@.....#
#...#...........#
#################


You could see an ogre and a goblin.

Vanquished Creatures
  A scorpion (D:4)
  A howler monkey (D:4)
  2 hounds
  An orc wizard (D:4)
  A hound skeleton (D:4)
  4 gnolls
  2 adders
  A worm (D:3)
  2 dart slugs (D:1)
  5 orcs
  6 bats
  6 endoplasms
  A giant cockroach (D:1)
  10 goblins
  12 hobgoblins
  4 jackals (D:2)
  3 quokkas
  4 ball pythons
  A frilled lizard (D:3)
  5 kobolds
  2 rats
74 creatures vanquished.

Notes
Turn   | Place    | Note
-------+----------+-------------------------------------------
     0 | D:1      | Gwenloh the Palentonga Fighter began the quest for the Orb.
     0 | D:1      | Reached XP level 1. HP: 19/19 MP: 1/1
   415 | D:1      | Reached XP level 2. HP: 24/25 MP: 2/2
   487 | D:1      | Reached skill level 3 in Maces & Flails
  1555 | D:2      | Reached XP level 3. HP: 26/31 MP: 3/3
  1771 | D:2      | Reached skill level 4 in Maces & Flails
  2059 | D:2      | Reached XP level 4. HP: 16/37 MP: 4/4
  3138 | D:3      | Reached skill level 5 in Maces & Flails
  3315 | D:3      | Found a faded altar of an unknown god.
  3704 | D:4      | Reached XP level 5. HP: 43/43 MP: 5/5
  3958 | D:4      | Noticed an ogre
  4092 | D:4      | Reached skill level 6 in Maces & Flails
  4292 | D:3      | Reached XP level 6. HP: 45/50 MP: 6/6
  4385 | D:4      | Slain by an ogre

Illustrated notes

Levels and vault maps discovered:
D:1:      lemuel_arrival_river_ford, layout_basic, st_stairs_6
D:2:      layout_loops_ring
D:3:      layout_basic, basic_ecumenical_altar
D:4:      layout_gridville, minmay_temple_entry_sparse_star,
          minmay_ogre_servants

Skill      XL: |  1  2  3  4  5 |
---------------+----------------+-----
Maces & Flails | 3 4 5 6 |  6.7
Fighting       | |  3.0
Armour         | |  2.4
Shields        | |  2.4

Action                   |  1- 3 |  4- 6 || total
-------------------------+-------+-------++-------
Melee: Flail             |    28 |       ||    28
       Tailslap          |     5 |     3 ||     8
       Eveningstar       |    47 |    76 ||   123
 Fire: Hunting sling     |     3 |    54 ||    57
Throw: Stone             |    11 |       ||    11
       Boomerang         |       |     1 ||     1
 Abil: Rolling Charge    |    15 |     2 ||    17
Armor: Scale mail        |    26 |    30 ||    56
Dodge: Dodged            |    11 |    19 ||    30
Block: Kite shield       |    23 |    45 ||    68
